AoeStats
← Cuervo

Arabia

504134647Analyzed
4v4 RM · 28d ago on Sep 4, 2026· 55m 26s· 8 players
Game mode
Random Map
Map size
Large (8 player)
Population
200
Speed
Normal
Resources
Standard
Victory
Conquest
Starting age
Dark Age
Ending age
Imperial Age
RankedLock teamsTeams togetherTeam positionsShared explorationLock speedFull tech treeHidden civsTurbo modeCheats
Victory
Defeat
🇹🇼 Malay · Taiwan
1117
+13
🇨🇦 Burmese · Canada
1105
+14
🇲🇽 Huns · Mexico
1040
+16
🇹🇼 Sicilians · Taiwan
1037
+17
🇨🇱 Portuguese · Chile
1102
-17
🇦🇷 Vikings · Argentina
1075
-16
🇦🇷 Saracens · Argentina
1038
-14
🇦🇷 Japanese · Argentina
1001
-13
Zamba
10:58 Feudal Age
9:32 Loom
15:53 Castle Age
19:04 Scale Barding Armor
22:08 Chain Barding Armor
23:39 Double-Bit Axe
24:25 Forging
28:29 Iron Casting
34:44 Horse Collar
40:09 Imperial Age
39:00 Heavy Plow
39:14 Bow Saw
40:38 Scale Mail Armor
40:47 Cavalier
42:30 Blast Furnace
41:59 Town Watch
45:04 Conscription
44:47 Chieftains
44:11 Elite Berserk
45:52 Chain Mail Armor
48:28 Pikeman
49:08 Squires
49:41 Plate Mail Armor
54:22 Heavy Scorpion
CasquetE
6:53 Loom
10:16 Feudal Age
10:49 Man-at-Arms
11:56 Double-Bit Axe
18:21 Padded Archer Armor
24:58 Castle Age
25:30 Elite Skirmisher
27:24 Bow Saw
27:33 Fletching
29:16 Leather Archer Armor
34:49 Thumb Ring
37:02 Light Cavalry
41:13 Town Watch
46:30 Wheelbarrow
46:42 Wheelbarrow
VZ | Thyrfing
5:55 Loom
9:15 Feudal Age
11:14 Double-Bit Axe
15:41 Horse Collar
18:17 Gold Mining
21:59 Castle Age
21:51 Stone Mining
30:12 Wheelbarrow
38:25 Stone Shaft Mining
42:51 Imperial Age
42:25 Forging
42:15 Scale Mail Armor
41:43 Pikeman
45:42 Iron Casting
46:26 Fletching
47:16 Padded Archer Armor
47:13 Bodkin Arrow
47:41 Hand Cart
48:44 Elite Skirmisher
50:19 Bracer
50:34 Leather Archer Armor
50:36 Chain Mail Armor
51:21 Blast Furnace
54:31 Ring Archer Armor
Cuervo
7:30 Loom
10:07 Feudal Age
11:25 Double-Bit Axe
14:28 Fletching
19:36 Padded Archer Armor
21:39 Horse Collar
29:00 Castle Age
26:56 Stone Mining
27:28 Gold Mining
29:39 Pikeman
29:45 Crossbowman
30:55 Thumb Ring
33:27 Wheelbarrow
33:27 Elite Skirmisher
35:27 Forging
38:17 Scale Barding Armor
39:48 Gold Shaft Mining
39:56 Iron Casting
40:32 Heavy Plow
40:45 Bow Saw
42:53 Chain Barding Armor
48:07 Imperial Age
45:58 Hand Cart
45:44 Bodkin Arrow
49:04 Elite Mameluke
52:01 Scale Mail Armor
53:02 Blast Furnace
54:50 Two-Man Saw
54:43 Plate Barding Armor
55:31 Conscription
SanjiJose
6:31 Loom
9:48 Feudal Age
14:23 Double-Bit Axe
16:14 Bloodlines
17:06 Forging
21:07 Castle Age
19:34 Horse Collar
20:45 Scale Barding Armor
21:51 Husbandry
22:33 Bow Saw
29:16 Wheelbarrow
30:23 Heavy Plow
30:56 Chain Barding Armor
35:02 Imperial Age
33:07 Squires
33:31 Hand Cart
35:54 Iron Casting
35:18 Murder Holes
36:02 Cavalier
38:06 Two-Man Saw
37:39 Gold Mining
38:29 Elite Tarkan
40:11 Gold Shaft Mining
39:27 Stone Mining
39:07 Capped Ram
40:02 Fletching
40:13 Padded Archer Armor
41:16 Blast Furnace
41:29 Parthian Tactics
41:42 Thumb Ring
41:44 Heavy Cavalry Archer
43:15 Caravan
45:55 Bodkin Arrow
46:01 Padded Archer Armor
49:19 Chemistry
48:40 Ballistics
50:41 Plate Barding Armor
50:06 Bracer
50:47 Plate Barding Armor
50:28 Leather Archer Armor
50:50 Pikeman
51:16 Arson
53:10 Scale Mail Armor
55:07 Marauders
jalouis79
2:29 Loom
12:06 Feudal Age
16:34 Castle Age
14:43 Horse Collar
15:29 Bloodlines
15:49 Fletching
16:44 Padded Archer Armor
19:12 Gold Mining
21:53 Bodkin Arrow
23:21 Wheelbarrow
25:13 Stone Mining
27:07 Pikeman
28:40 Hand Cart
32:24 Husbandry
35:31 Imperial Age
34:04 Scale Barding Armor
34:10 Forging
36:36 Chain Barding Armor
36:06 Cavalier
37:02 Heavy Plow
38:25 Iron Casting
38:57 Plate Barding Armor
38:59 Conscription
38:53 Elite Battle Elephant
41:51 Crop Rotation
42:00 Manipur Cavalry
43:06 Howdah
44:47 Blast Furnace
43:43 Halberdier
44:09 Gambesons
44:24 Squires
44:10 Arson
44:35 Scale Mail Armor
45:41 Masonry
45:12 Treadmill Crane
48:04 Gold Shaft Mining
47:56 Chain Mail Armor
48:16 Architecture
50:01 Chemistry
49:22 Ballistics
49:08 Bracer
52:53 Siege Engineers
53:34 Parthian Tactics
53:03 Elite Arambai
未時稻暱瑠
9:53 Feudal Age
9:35 Double-Bit Axe
10:46 Loom
14:07 Fletching
22:12 Castle Age
20:05 Horse Collar
20:31 Gold Mining
21:18 Padded Archer Armor
21:13 Crossbowman
22:59 Bow Saw
24:19 Ballistics
24:25 Bodkin Arrow
25:26 Leather Archer Armor
25:46 Stone Mining
27:15 Elite Skirmisher
28:33 Man-at-Arms
29:28 Forging
29:41 Heavy Plow
30:17 Gold Shaft Mining
29:37 Long Swordsman
31:18 Squires
31:52 Arson
34:10 Scale Barding Armor
34:41 Iron Casting
35:14 Wheelbarrow
38:31 Imperial Age
37:03 Hand Cart
37:06 Town Watch
37:35 Murder Holes
37:36 Two-Handed Swordsman
37:54 Arbalester
38:41 Thumb Ring
41:17 Conscription
43:51 Forced Levy
47:00 Blast Furnace
47:23 Husbandry
47:25 Bracer
47:56 Ring Archer Armor
50:36 Chemistry
54:03 Elite Battle Elephant
55:19 Town Patrol
QAZWSX
1:45 Loom
11:14 Feudal Age
11:19 Man-at-Arms
11:56 Double-Bit Axe
12:28 Arson
21:20 Fletching
27:07 Town Watch
37:50 Castle Age
49:45 Bow Saw
51:49 Wheelbarrow
54:33 Horse Collar
Connection lost

Rejoining the realm…

Still unreachable

The connection could not be restored.

Session expired

The server has moved on; the page needs a fresh start.